 Dungeon Crawl Stone Soup version 0.30-a0-475-g03497ec522 (webtiles) character file.

Game seed: 17737797027914212755

550 cforsyth the Chiller (level 7, 0/41 (46) HPs)
             Began as a Merfolk Ice Elementalist on Dec 20, 2022.
             Was an Initiate of Qazlal.
             Slain by a wight
             ... wielding a +0 spear
              (1 damage)
             ... on level 6 of the Dungeon.
             The game lasted 00:09:11 (3834 turns).

cforsyth the Chiller (Merfolk Ice Elementalist)     Turns: 3834, Time: 00:09:12

HP:   0/41 (46)     AC:  3    Str:  9    XL:     7   Next: 29%
MP:   13/13         EV: 15    Int: 18    God:    Qazlal [......]
Gold: 169           SH:  0    Dex: 17    Spells: 13/14 levels left

rFire   . . .      SeeInvis .    k - +9 hand axe of the Several Knives {vorpal, rElec Int+2 Dex+3}
rCold   . . .      Faith    .    (no shield)
rNeg    . . .      Spirit   .    a - +0 robe
rPois   .          Reflect  .    g - +0 helmet
rElec   +          Harm     .    (no cloak)
rCorr   .          Rampage  .    (no gloves)
Will    .....                    (no boots)
Stlth   ++........               (no amulet)
HPRegen 0.26/turn                (no ring)
MPRegen 0.13/turn                (no ring)

@: heavily drained
A: (nimble swimmer 2), mertail
a: Renounce Religion


You were on level 6 of the Dungeon.
You worshipped Qazlal.
Qazlal was noncommittal.
You visited 1 branch of the dungeon, and saw 6 of its levels.

You collected 169 gold pieces.

Inventory:

Hand Weapons
 k - the +9 hand axe of the Several Knives (weapon) {vorpal, rElec Int+2 Dex+3}
   (You took it off an orc on level 3 of the Dungeon)

   It inflicts extra damage upon your enemies.
   Int:       It affects your intelligence (+2).
   Dex:       It affects your dexterity (+3).
   rElec:     It insulates you from electricity.
Armour
 a - a +0 robe (worn)
 g - a +0 helmet (worn)
Jewellery
 m - a ring of ice
Wands
 o - a wand of mindburst (15)
Scrolls
 c - 2 scrolls of identify
 d - a scroll of noise
 h - a scroll of blinking {unknown}
 i - a scroll of fear {unknown}
 j - a scroll of vulnerability
 l - a scroll of magic mapping {unknown}
Potions
 b - a potion of magic
 n - a potion of ambrosia


   Skills:
 + Level 6.3 Dodging
 - Level 2.1 Stealth
 + Level 4.3 Spellcasting
 + Level 6.4 Ice Magic


You had 13 spell levels left.
You knew the following spells:

 Your Spells              Type           Power      Damage    Failure   Level
a - Freeze                Ice            100%       1d10      1%          1

Your spell library contained the following spells:

 Spells                   Type           Power      Damage    Failure   Level
 Frozen Ramparts          Ice            54%        1d9       3%          3
 Ozocubu's Armour         Ice            27%        N/A       3%          3
 Cigotuvi's Dreadful Rot  Necr/Pois/Air  6%         N/A       22%         2
 Summon Ice Beast         Ice/Summ       15%        N/A       36%         4
 Dispel Undead            Necr           3%         3d7       80%         4
 Death Channel            Necr           1%         N/A       100%        6


Dungeon Overview and Level Annotations

Branches:
Dungeon (6/15)             Temple (0/1) D:4

Altars:
Cheibriados
Kikubaaqudgha
Makhleb
Qazlal
Vehumet
Wu Jian

Shops:
D:4 *   D:6 *

Annotations:
D:6 Blork the orc


Innate Abilities, Weirdness & Mutations

((You are very nimble when in or above water. (Stealth+, EV+, Speed+++)))
Your lower body shifts to a powerful aquatic tail in water.


Message History

The wight barely misses you.
You hit the wight.
The wight is heavily damaged.
The wight completely misses you.
The wight hits you with a +2 long sword.
You hit the wight.
You destroy the wight!
Qazlal accepts your kill.
Things that are here:
a +2 long sword; a +0 robe Unknown command.
You start resting.
Magic restored.
You start resting.
HP restored.
Things that are here:
a +2 long sword; a +0 robe An adder comes into view.
Things that are here:
a +2 long sword; a +0 robe You start waiting.
A wight is nearby!
You start waiting.
A wight is nearby!
The wight hits you with a +0 spear!
You feel drained.
You hit the wight.
The wight is moderately damaged.
The wight misses you.
You slash the wight!
The wight is almost destroyed.
The wight hits you with a +0 spear. x2; The wight completely misses you.
The wight hits you from afar with a +0 spear.
You feel drained.
You hit the wight.
The wight is moderately damaged.
The wight hits you with a +0 great sword!!
* * * LOW HITPOINT WARNING * * *
The wight hits you from afar with a +0 spear.
* * * LOW HITPOINT WARNING * * *
You feel drained.
You die...

.......#.....### .......?
##.....#).>..# #.......
#.....# #....... #.....#
#...>... #.....# #.....#
#.....# #....o# #.....#
#.....#
#.....#############.....#
#......zz@..........#####
#.....###############
#######


You could see 2 wights.

Vanquished Creatures
  2 ogres (D:4)
  A scorpion (D:6)
  A wight (D:6)
  A hound (D:4)
  4 jellies (D:4)
  2 adders
  2 white imps
  An ufetubus (D:6)
  4 dart slugs
  3 orcs
  11 endoplasms
  4 giant cockroaches
  7 goblins
  11 hobgoblins
  6 jackals (D:4)
  7 kobolds
  3 ball pythons
  3 bats
  5 frilled lizards
  A rat (D:2)
79 creatures vanquished.

Vanquished Creatures (others)
  8 fungi (D:4)
  3 toadstools (D:4)
11 creatures vanquished.

Grand Total: 90 creatures vanquished

Notes
Turn   | Place    | Note
-------+----------+-------------------------------------------
     0 | D:1      | cforsyth the Merfolk Ice Elementalist began the quest for
                  | the Orb.
     0 | D:1      | Reached XP level 1. HP: 13/13 MP: 3/3
   247 | D:1      | Reached XP level 2. HP: 19/19 MP: 0/5
  1356 | D:2      | Found an ornate altar of the Wu Jian Council.
  1452 | D:2      | Reached XP level 3. HP: 19/24 MP: 4/6
  2153 | D:3      | Identified the +9 hand axe of the Several Knives {vorpal,
                  | rElec Int+2 Dex+3}
  2359 | D:3      | You fall into a shaft and drop 1 floor!
  2393 | D:4      | Reached XP level 4. HP: 30/30 MP: 8/8
  2396 | D:4      | Reached skill level 5 in Ice Magic
  2501 | D:4      | Reached XP level 5. HP: 28/35 MP: 9/9
  2602 | D:4      | Reached skill level 5 in Dodging
  2602 | D:4      | Reached XP level 6. HP: 37/41 MP: 9/11
  2891 | D:4      | Found a stormy altar of Qazlal.
  2905 | D:4      | Became a worshipper of Qazlal Stormbringer
  2923 | D:4      | Found a staircase to the Ecumenical Temple.
  2996 | D:4      | Found Uschuami's General Store.
  3002 | D:4      | Found a snail-covered altar of Cheibriados.
  3192 | D:5      | Entered Level 5 of the Dungeon
  3193 | D:5      | Found an ancient bone altar of Kikubaaqudgha.
  3193 | D:5      | Found a radiant altar of Vehumet.
  3194 | D:5      | Found a burning altar of Makhleb.
  3194 | D:5      | Noticed an orc warrior
  3351 | D:6      | Found Vimomuo's Assorted Antiques.
  3365 | D:6      | HP: 2/41 [white imp/puff of frost (4)]
  3367 | D:6      | Reached XP level 7. HP: 3/46 MP: 13/13
  3403 | D:6      | Noticed Blork the orc
  3834 | D:6      | HP: 1/42 [wight/+0 spear (4)]
  3834 | D:6      | Slain by a wight

Illustrated notes

Levels and vault maps discovered:
D:1:      minmay_arrival_radiant_lines, layout_basic
D:2:      layout_rooms, basic_altar
D:3:      layout_loops_corners
D:4:      cheibrodos_fertilizer, layout_loops_ring,
          mainiacjoe_overflow_small_starburst, cheibriados_altar_1,
          minmay_temple_entry_trees, serial_shops, nicolae_shop_stone,
          kennysheep_generic_room_16
D:5:      minmay_evil_eye, layout_loops_ring,
          chequers_temple_overflow_statue_of_worship, uniq_crazy_yiuf_cottage
D:6:      layout_basic, mainiacjoe_overflow_surrounded_room, serial_shops,
          shop_statue, gammafunk_ghost_necromancy, uniq_blork_the_orc

Skill      XL: |  1  2  3  4  5  6  7 |
---------------+----------------------+-----
Dodging        | 3 4 5 6 |  6.3
Ice Magic      | 5 6 |  6.4
Spellcasting   | 3 4 |  4.3
Stealth        | |  2.1

Action                   |  1- 3 |  4- 6 |  7- 9 || total
-------------------------+-------+-------+-------++-------
Melee: Unarmed           |     2 |       |       ||     2
       Hand axe          |     8 |    65 |    10 ||    83
 Cast: Freeze            |    56 |       |     2 ||    58
  Use: Potion            |       |     1 |     1 ||     2
       Scroll            |       |       |     6 ||     6
 Stab: Sleeping          |     1 |     3 |       ||     4
       Distracted        |       |       |     1 ||     1
Armor: Robe              |     8 |    13 |       ||    21
Dodge: Dodged            |    42 |    52 |    10 ||   104

Table legend: (Time is in decaauts)
 A = Elapsed time spent in this place.
 B = Non-inter-level travel time spent in this place.
 C = Inter-level travel time spent in this place.
 D = Time resting spent in this place.
 E = Time spent auto-exploring this place.
 F = Levels seen in this place.
 G = Mean time per level.
                   A        B        C        D        E       F      G
               +--------+--------+--------+--------+--------+-----+--------+
         Total |   3859 |   3817 |     42 |    776 |   2491 |   6 |  643.2 |
       Dungeon |   3859 |   3817 |     42 |    776 |   2491 |   6 |  643.2 |
               +--------+--------+--------+--------+--------+-----+--------+

Top non-repeatable levels by time:
     D:1: 1310 daAuts
     D:4: 954 daAuts
     D:2: 531 daAuts
     D:3: 519 daAuts
     D:6: 487 daAuts
     D:5: 55 daAuts
